 Dungeon Crawl Stone Soup version 0.21.1-1-g345015f (webtiles) character file.

9762 toucherabbit the Cleaver (level 11, -2/95 HPs)
             Began as a Minotaur Gladiator on Mar 27, 2018.
             Was a High Priest of Cheibriados.
             Slain by an orc warrior
             ... wielding a +0 trident
             ... led by an orc warlord
              (18 damage)
             ... on level 2 of the Orcish Mines on Mar 28, 2018.
             The game lasted 00:19:55 (8603 turns).

toucherabbit the Cleaver (Minotaur Gladiator)       Turns: 8603, Time: 00:19:57

Health: -2/95      AC: 12    Str: 37    XL:     11   Next: 27%
Magic:  6/10       EV: 17    Int: 17    God:    Cheibriados [*****.]
Gold:   1154       SH: 15    Dex: 26    Spells: 10/10 levels left

rFire    . . .     SeeInvis .   a - +0 war axe
rCold    . . .     Gourm    .   p - +1 shield {AC+3}
rNeg     . . .     Faith    .   b - +0 leather armour
rPois    +         Spirit   .   (helmet unavailable)
rElec    .         Reflect  .   w - +2 cloak
rCorr    .         Harm     .   A - +0 pair of gloves
MR       .....                  r - +0 pair of boots
Stlth    +++.......             (no amulet)
HPRegen  0.25/turn              y - ring of poison resistance
MPRegen  0.12/turn              (no ring)

@: mighty, very slow
A: retaliatory headbutt, horns 3, talons 1, wild magic 2, no potion heal 1
a: Bend Time, Temporal Distortion, Slouch, Step From Time, Renounce Religion


You were on level 2 of the Orcish Mines.
You worshipped Cheibriados.
Cheibriados was extremely pleased with you.
You were not hungry.

You visited 3 branches of the dungeon, and saw 12 of its levels.

You collected 1154 gold pieces.

Inventory:

Hand Weapons
 a - a +0 war axe (weapon)
 D - a +1 battleaxe of chopping
 P - a -2 broad axe
 Q - a +0 short sword of protection
Missiles
 d - 5 throwing nets (quivered)
 F - 10 tomahawks
Armour
 b - a +0 leather armour (worn)
 c - a +0 hat
 p - a +1 shield of protection (worn)
 r - a +0 pair of boots (worn)
 w - a +2 cloak (worn)
 A - a +0 pair of gloves (worn)
Magical Staves
 H - an uncursed staff of fire {unknown}
Jewellery
 y - a ring of poison resistance (left hand)
Wands
 u - a wand of digging (27)
 B - a wand of paralysis (18)
 E - a wand of scattershot (5)
 O - a wand of disintegration (2)
Scrolls
 g - 3 scrolls of enchant weapon
 h - 4 scrolls of remove curse
 i - a scroll of identify
 k - 3 scrolls of fog
 l - a scroll of noise {unknown}
 m - 3 scrolls of immolation {unknown}
 v - 2 scrolls of teleportation {unknown}
 I - a scroll of random uselessness {unknown}
 J - 2 scrolls of fear {unknown}
 K - 2 scrolls of amnesia {unknown}
Potions
 e - a potion of magic {unknown}
 n - a potion of berserk rage {unknown}
 s - 5 potions of flight
 t - 6 potions of brilliance
 x - a potion of agility {unknown}
 z - 2 potions of cancellation
 C - a potion of invisibility {unknown}
 G - a potion of lignification
 L - a potion of haste {unknown}
 M - a potion of degeneration {unknown}
 N - 2 potions of curing {unknown}
Comestibles
 f - 16 rations
 j - 4 chunks of flesh


   Skills:
 + Level 8.6 Fighting
 + Level 14.3 Axes
 + Level 2.4 Throwing
 + Level 5.8 Armour
 + Level 7.1 Dodging
 + Level 3.1 Stealth
 + Level 8.1 Shields
 + Level 0.2 Invocations


You had 10 spell levels left.
You didn't know any spells.

Dungeon Overview and Level Annotations

Branches:
Dungeon (9/15)             Temple (1/1) D:5            Lair (0/6) D:8
    Orc (2/2) D:9
    Elf: Orc:2

Altars:
Ashenzari
Cheibriados
Fedhas
Hepliaklqana
Kikubaaqudgha
Nemelex Xobeh
Okawaru
Qazlal
Ru
Sif Muna
Trog
Vehumet
Xom
Zin
The Shining One


Innate Abilities, Weirdness & Mutations

You reflexively headbutt those who attack you in melee.
You have a pair of large horns on your head.
You have sharp toenails.
Your spells are harder to cast, but more powerful.
Potions are less effective at restoring your health.


Message History

The orc warlord roars a battlecry!
The orc goes into a battle-frenzy!
The orc warrior barely misses you. You block the orc's attack.
You slash the orc warlord! You headbutt the orc warlord!!
The orc warlord is severely wounded.
You hit the orc.
You kill the orc!
Cheibriados appreciates the change of pace.
You block the orc warrior's attack.
The orc warlord hits you with an enchanted dire flail!!
* * * LOW HITPOINT WARNING * * *
You block the orc warrior's attack.
Your system partially rejects the healing.
You feel much better.
The orc warrior hits you from afar with a trident!
* * * LOW HITPOINT WARNING * * *
The orc warlord hits you with an enchanted dire flail!
* * * LOW HITPOINT WARNING * * *
The orc warrior hits you from afar with a trident!!
You die...

....)[...... ...........
##.#........ ..)........
#..o$...... ##.o)o......
#..)))..$...
##..o@.......
###..........#.
####.##.#..<......
##.#...###.........
##...#.###...#......
#####...#....#..###.....
.##.....##......# #.##.
.........##..#...# ##
.##.#.....#.##...#


You could see an orc warlord, 2 orc warriors and an orc.

Vanquished Creatures
  A stone giant (Orc:1)
  Erolcha (D:9)
  A two-headed ogre (D:9)
  The ghost of toucherabbit the Cleaver, a novice MiGl (D:5)
  2 orc sorcerers (Orc:2)
  Maurice (D:8)
  Grinder (D:3)
  2 hippogriffs
  Grum (D:8)
  3 wargs
  A black bear (D:9)
  2 ice beasts
  7 orc warriors
  2 sky beasts
  A phantom (D:8)
  The ghost of toucherabbit the Chopper, an amateur MiGl (D:3)
  2 centaurs
  4 wolves (D:8)
  7 ogres
  2 big kobolds
  6 bullfrogs
  2 scorpions
  3 howler monkeys (D:8)
  7 crimson imps
  A bullfrog zombie (D:5)
  10 orc priests
  5 hounds
  11 orc wizards
  2 bullfrog skeletons
  3 iguanas
  11 worker ants
  2 hound zombies
  2 hound skeletons
  A worker ant zombie (D:9)
  A howler monkey skeleton (D:6)
  A howler monkey zombie (D:6)
  7 adders
  3 gnolls (D:5)
  A shadow imp (D:5)
  2 oozes (D:2)
  An adder skeleton (D:9)
  A worm (D:2)
  5 dart slugs
  2 leopard geckos
  65 orcs
  3 giant cockroaches
  9 goblins
  11 hobgoblins
  10 jackals
  2 quokkas (D:2)
  8 bats
  3 frilled lizards
  A giant cockroach zombie (D:5)
  9 kobolds
  A leopard gecko skeleton (D:4)
  4 rats
259 creatures vanquished.

Notes
Turn   | Place    | Note
-------+----------+-------------------------------------------
     0 | D:1      | toucherabbit the Minotaur Gladiator began the quest for the Orb.
     0 | D:1      | Reached XP level 1. HP: 18/18 MP: 0/0
   405 | D:1      | Reached XP level 2. HP: 25/25 MP: 1/1
   886 | D:2      | Found a deep blue altar of Sif Muna.
  1203 | D:2      | Reached skill level 4 in Axes
  1205 | D:2      | Reached XP level 3. HP: 25/30 MP: 2/2
  1278 | D:2      | Reached skill level 1 in Armour
  1384 | D:2      | Found a faded altar of an unknown god.
  1863 | D:3      | Found an ancient bone altar of Kikubaaqudgha.
  1865 | D:3      | Found a shimmering altar of Xom.
  1867 | D:3      | Found a hazy altar of Hepliaklqana.
  1904 | D:3      | Found a shimmering altar of Xom.
  1915 | D:3      | Reached XP level 4. HP: 37/37 MP: 3/3
  1922 | D:3      | Reached skill level 5 in Axes
  1927 | D:3      | Reached XP level 5. HP: 39/45 MP: 4/4
  2167 | D:3      | Noticed toucherabbit's ghost (amateur MiGl)
  2180 | D:3      | HP: 2/45 [toucherabbit's ghost (9)]
  2185 | D:3      | Killed toucherabbit's ghost
  2185 | D:3      | Reached XP level 6. HP: 26/51 MP: 5/5
  2231 | D:3      | Reached skill level 6 in Axes
  2467 | D:3      | Noticed Grinder
  2472 | D:3      | Paralysed by Grinder for 7 turns
  2483 | D:3      | Paralysed by Grinder for 4 turns
  2487 | D:3      | Killed Grinder
  2487 | D:3      | Reached skill level 1 in Shields
  2487 | D:3      | Reached XP level 7. HP: 16/58 MP: 6/6
  3005 | D:4      | Reached skill level 7 in Axes
  3233 | D:4      | Found a sparkling altar of Nemelex Xobeh.
  3399 | D:4      | Reached skill level 1 in Stealth
  3514 | D:4      | Found a stormy altar of Qazlal.
  3750 | D:5      | Entered Level 5 of the Dungeon
  3848 | D:5      | Noticed toucherabbit's ghost (novice MiGl)
  3852 | D:5      | Reached skill level 8 in Axes
  3862 | D:5      | Killed toucherabbit's ghost
  3862 | D:5      | Reached skill level 9 in Axes
  3862 | D:5      | Reached skill level 5 in Dodging
  3862 | D:5      | Reached XP level 8. HP: 17/67 MP: 7/7
  4542 | D:5      | Found a staircase to the Ecumenical Temple.
  4550 | Temple   | Entered the Ecumenical Temple
  4554 | Temple   | Became a worshipper of Cheibriados the Contemplative
  4583 | D:5      | You fall through a shaft for 2 floors!
  4608 | D:6      | Reached skill level 5 in Fighting
  4698 | D:6      | Found a glowing golden altar of the Shining One.
  4726 | D:6      | Reached skill level 10 in Axes
  4737 | D:6      | Reached * piety under Cheibriados
  4843 | D:6      | Reached XP level 9. HP: 31/74 MP: 8/8
  4847 | D:6      | HP: 2/74 [orc priest/divine providence (15)]
  5679 | D:7      | Found a shattered altar of Ashenzari.
  5736 | D:7      | Reached skill level 5 in Shields
  5758 | D:7      | Reached ** piety under Cheibriados
  5824 | D:7      | Reached skill level 11 in Axes
  6211 | D:8      | Noticed Grum
  6230 | D:8      | Killed Grum
  6750 | D:8      | Noticed Maurice
  6767 | D:8      | Killed Maurice
  6767 | D:8      | Reached skill level 12 in Axes
  6767 | D:8      | Reached XP level 10. HP: 31/86 MP: 9/9
  7066 | D:8      | Reached skill level 5 in Armour
  7068 | D:8      | Reached *** piety under Cheibriados
  7376 | D:8      | Found a staircase to the Lair.
  7641 | D:9      | Noticed Erolcha
  7649 | D:9      | Killed Erolcha
  7671 | D:9      | Gained mutation: You possess an exceptional clarity of mind. [potion of mutation]
  7671 | D:9      | Gained mutation: Potions are less effective at restoring your health. [potion of mutation]
  7671 | D:9      | Gained mutation: You have supernaturally acute eyesight. (SInv) [potion of mutation]
  7672 | D:9      | Lost mutation: You possess an exceptional clarity of mind. [potion of mutation]
  7672 | D:9      | Lost mutation: You have supernaturally acute eyesight. (SInv) [potion of mutation]
  7672 | D:9      | Gained mutation: You have a pair of large horns on your head. [potion of mutation]
  7672 | D:9      | Gained mutation: Your spells are a little harder to cast, but a little more powerful. [potion of mutation]
  7672 | D:9      | Gained mutation: You have sharp toenails. [potion of mutation]
  7672 | D:9      | Gained mutation: Your spells are harder to cast, but more powerful. [potion of mutation]
  7792 | D:9      | Reached **** piety under Cheibriados
  7864 | D:9      | Reached skill level 13 in Axes
  7954 | D:9      | Noticed a two-headed ogre
  7961 | D:9      | Killed a two-headed ogre
  8030 | D:9      | Reached ***** piety under Cheibriados
  8057 | D:9      | Found a staircase to the Orcish Mines.
  8081 | Orc:1    | Entered Level 1 of the Orcish Mines
  8177 | Orc:1    | Noticed a stone giant
  8186 | Orc:1    | Killed a stone giant
  8186 | Orc:1    | Reached skill level 14 in Axes
  8186 | Orc:1    | Reached XP level 11. HP: 66/95 MP: 10/10
  8535 | Orc:2    | Entered Level 2 of the Orcish Mines
  8587 | Orc:2    | Noticed an orc sorcerer
  8587 | Orc:2    | Noticed an orc warlord
  8591 | Orc:2    | Noticed an orc sorcerer
  8594 | Orc:2    | Killed an orc sorcerer
  8599 | Orc:2    | Killed an orc sorcerer
  8603 | Orc:2    | Slain by an orc warrior

Skill      XL: |  1  2  3  4  5  6  7  8  9 10 11 |
---------------+----------------------------------+-----
Axes           | 4 5 6 9 10 12 14 | 14.3
Armour         | 1 3 4 5 |  5.8
Fighting       | 3 4 5 7 8 |  8.6
Dodging        | 4 5 6 7 |  7.1
Shields        | 1 3 4 6 7 8 |  8.1
Stealth        | 1 2 3 |  3.1
Throwing       | |  2.4
Invocations    | |  0.2

Action                   |  1- 3 |  4- 6 |  7- 9 | 10-12 || total
-------------------------+-------+-------+-------+-------++-------
Melee: War axe           |    71 |    68 |   278 |   165 ||   582
       Headbutt          |    15 |    11 |    62 |    46 ||   134
Invok: Slouch            |       |       |       |     1 ||     1
  Use: Potion            |       |     4 |     1 |     6 ||    11
       Scroll            |       |       |       |     6 ||     6
 Stab: Sleeping          |       |       |     4 |     1 ||     5
  Eat: Chunk             |     3 |     2 |    10 |     4 ||    19
Armor: Leather armour    |    18 |    16 |    77 |    36 ||   147
       Skin              |       |    11 |       |       ||    11
Dodge: Dodged            |    57 |    34 |   132 |    71 ||   294
Block: Shield            |       |    26 |   173 |    91 ||   290
